Map: Inside and Out

Players

Aspera

  • Race: Zerg Zerg
  • Spawn Location: 7:00

Elazer - Winner!

  • Race: Zerg Zerg
  • Spawn Location: 1:00

Event: DreamHack SC2 Masters 2022 Atlanta (Offline)

VOD

Have the link to the VOD?

Description

Time

  • Played on: Nov. 18, 2022, 9:39 a.m.
  • Length: 6:50

All games in this series

Show
View Real Time Build Order
Export as new Build Order

Aspera Zerg 

Build Orders: Hatch First 

Get SALT Encoding   

  12  0:01  Drone  
  13  0:12  Overlord  
  13  0:17  Drone  
  14  0:31  Drone x2  
  16  0:50  Hatchery  
  16  0:51  Drone  
  16  0:54  Drone  
  17  1:09  Spawning Pool  
  16  1:12  Drone  
  16  1:16  Drone, Extractor  
  17  1:20  Drone  
  18  1:30  Drone  
  19  1:47  Drone  
  19  1:51  Drone  
  21  2:01  Queen x2  
  21  2:03  Overlord  
  21  2:04  Drone  
  26  2:12  Drone  
  26  2:13  Drone  
  28  2:17  Evolution Chamber  
  27  2:23  Drone x2  
  30  2:37  Drone x2  
  30  2:41  Queen  
  33  2:49  Drone, Zerg Melee Weapons Level 1  
  34  2:54  Overlord  
  34  3:02  Metabolic Boost  
  34  3:05  Drone x2, Evolution Chamber  
  35  3:12  Roach Warren  
  34  3:21  Drone  
  34  3:22  Drone x4  
  34  3:23  Drone x3  
  42  3:41  Overlord  
  42  3:45  Overlord x3  
  42  3:53  Zergling x4  
  42  3:55  Zerg Ground Armor Level 1  
  44  4:00  Evolution Chamber  
  43  4:04  Zergling x8  
  47  4:16  Zergling x4  
  49  4:18  Zergling x6  
  49  4:22  Zergling x6  
  55  4:26  Overlord  
  55  4:28  Zergling x2  
  56  4:38  Overlord x2  
  56  4:40  Extractor  
  56  4:41  Extractor  
  54  4:46  Zergling x2  
  54  4:47  Zergling x4  
  54  4:52  Hatchery  
  54  4:53  Zergling x10  
  59  5:00  Roach  
  59  5:05  Roach  
  52  5:17  Roach  
  52  5:18  Roach  
  56  5:22  Roach  
  56  5:27  Roach x4  
  66  5:32  Roach x3  
  72  5:42  Roach x2  
  76  5:45  Overlord  
  76  5:47  Ravager  
  76  5:59  Ravager  
  76  6:05  Queen  
  76  6:06  Drone  
  76  6:11  Ravager  
  80  6:14  Spore Crawler  
  80  6:15  Spore Crawler  
  80  6:18  Zergling x16  
  86  6:22  Overlord  
  86  6:27  Roach x2  
  86  6:28  Overlord  
  86  6:29  Spore Crawler  
Show
View Real Time Build Order
Export as new Build Order

Elazer Zerg - Winner!

Build Orders: Hatch First 

Get SALT Encoding   

  12  0:00  Drone  
  13  0:12  Overlord  
  13  0:17  Drone  
  14  0:30  Drone  
  14  0:31  Drone  
  16  0:48  Hatchery  
  15  0:52  Drone  
  15  0:55  Drone  
  17  0:58  Drone  
  18  1:09  Extractor  
  17  1:13  Spawning Pool  
  17  1:16  Drone  
  17  1:20  Drone  
  18  1:28  Drone  
  19  1:38  Drone  
  20  1:49  Drone  
  21  1:59  Queen  
  21  2:00  Queen  
  21  2:01  Zergling x2  
  26  2:02  Overlord  
  26  2:10  Drone  
  26  2:11  Drone  
  28  2:20  Drone  
  28  2:21  Drone  
  30  2:33  Hatchery  
  30  2:35  Drone  
  30  2:38  Drone  
  31  2:45  Overlord  
  31  2:46  Drone  
  32  2:54  Drone x2  
  34  3:04  Queen  
  36  3:05  Roach Warren  
  36  3:06  Drone x2  
  36  3:08  Drone x3  
  36  3:10  Drone  
  41  3:13  Drone  
  42  3:20  Overlord  
  42  3:23  Drone x2  
  42  3:27  Lair  
  43  3:38  Extractor  
  43  3:39  Drone x5  
  43  3:40  Extractor  
  46  3:42  Drone x3  
  49  3:49  Drone x2  
  49  3:54  Overlord  
  51  3:58  Drone x2  
  53  4:06  Extractor  
  53  4:07  Overlord  
  52  4:10  Drone x2  
  52  4:11  Drone  
  52  4:12  Roach x4  
  52  4:13  Roach  
  65  4:19  Overlord x2  
  65  4:26  Glial Reconstitution  
  65  4:27  Spire  
  65  4:29  Overseer  
  64  4:33  Drone  
  64  4:36  Roach x2  
  69  4:44  Roach x4  
  77  4:48  Roach x2  
  77  4:53  Roach x2  
  77  4:57  Queen  
  83  5:03  Ravager  
  83  5:04  Ravager  
  83  5:05  Roach  
  76  5:09  Ravager, Overlord  
  76  5:10  Overlord  
  70  5:15  Drone  
  70  5:16  Drone x2  
  70  5:20  Overlord  
  75  5:21  Roach  
  75  5:24  Queen  
  77  5:38  Mutalisk x3  
  77  5:40  Drone x2  
  77  5:41  Drone  
  86  5:43  Drone  
  86  5:44  Drone  
  86  5:48  Drone x3  
  91  5:51  Mutalisk  
  91  5:58  Mutalisk  
  91  6:00  Overlord  
  93  6:05  Queen  
  93  6:08  Roach x2  
  93  6:10  Roach  
  101  6:12  Roach  
  101  6:15  Roach  
  105  6:20  Roach x3  
  111  6:26  Roach x3  
  111  6:31  Roach x2  
  121  6:43  Ravager  
Tags
 
Add a new tag
Caveats
  • Supply blocks, unpowered buildings, or Contaminate may cause inaccurate times.
  • Supply counts are checked every 10 seconds.